 Dungeon Crawl Stone Soup version 0.29.1-12-g30fa7ad0bf (webtiles) character file.

Game seed: 2175917667434588662

445 wormed the Cudgeller (level 7, 0/44 HPs)
             Began as a Gargoyle Fighter on Dec 21, 2022.
             Killed from afar by a steam dragon (10 damage)
             ... with a ball of steam
             ... on level 4 of the Dungeon.
             The game lasted 00:06:39 (3671 turns).

wormed the Cudgeller (Gargoyle Fighter)             Turns: 3671, Time: 00:06:41

Health: 0/44       AC: 15    Str: 20 (22) XL:     7   Next: 3%
Magic:  7/7        EV:  9    Int:  6 (8)  God:
Gold:   212        SH:  4    Dex:  9      Spells: 6/6 levels left

rFire   . . .      SeeInvis .   a - +0 flail
rCold   . . .      Faith    .   c - +0 buckler
rNeg    + . .      Spirit   .   b - +0 scale mail
rPois   ∞          Reflect  .   r - +0 helmet
rElec   +          Harm     .   v - +0 cloak
rCorr   .          Rampage  .   (no gloves)
Will    .....                   f - +0 pair of boots
Stlth   ..........              (no amulet)
HPRegen 0.14/turn               (no ring)
MPRegen 0.10/turn               (no ring)

@: no status effects
A: sickness immunity, AC +4, negative energy resistance 1, electricity
resistance, torment resistance 1, petrification resistance
a: no special abilities


You were on level 4 of the Dungeon.
You visited 1 branch of the dungeon, and saw 4 of its levels.

You collected 212 gold pieces.

Inventory:

Hand Weapons
 a - a +0 flail (weapon)
Missiles
 e - a throwing net (quivered)
Armour
 b - a +0 scale mail (worn)
 c - a +0 buckler (worn)
 f - a +0 pair of boots (worn)
 r - a +0 helmet (worn)
 v - a +0 cloak (worn)
Jewellery
 w - an amulet of magic regeneration
Wands
 s - a wand of mindburst (12)
Scrolls
 h - 2 scrolls of vulnerability {unknown}
 k - a scroll of poison
 n - a scroll of silence
 o - a scroll of noise {unknown}
 q - a scroll of torment {unknown}
 t - a scroll of amnesia {unknown}
 x - a scroll of butterflies {unknown}
Potions
 d - 2 potions of degeneration
 g - a potion of invisibility {unknown}
 i - a potion of haste {unknown}
 j - a potion of flight {unknown}
 l - 3 potions of curing
 m - a potion of mutation {unknown}
 p - a potion of attraction {unknown}
 u - a potion of lignification {unknown}
 z - a potion of cancellation {unknown}


   Skills:
 + Level 4.7 Fighting
 * Level 4.8 Maces & Flails
 + Level 4.7 Armour
 + Level 4.7 Shields


You had 6 spell levels left.
You didn't know any spells.
Your spell library was empty.

Dungeon Overview and Level Annotations

Branches:
Dungeon (4/15)
 Temple: D:4-7

Altars:
Cheibriados
Ru
Uskayaw

Annotations:
D:4 2 runed translucent doors


Innate Abilities, Weirdness & Mutations

You are immune to sickness and miasma.
Your stone body is resilient. (AC +4)
You are immune to poison.
You resist negative energy. (rN+)
You are resistant to electric shocks. (rElec)
You are resistant to unholy torment.
You are immune to petrification.


Message History

You completely miss the kobold. You block the kobold's attack. x2
You hit the kobold.
You kill the kobold!
z - an amethyst potion
Things that are here:
a +0 short sword; 2 stones; a kobold corpse
There is an open door here.
An orc and a steam dragon come into view.
The orc shouts!
The steam dragon breathes steam at you.
The ball of steam hits the orc!!
The orc dies!
The ball of steam hits you!
The steam dragon moves out of view.
You are engulfed in a cloud of scalding steam.
You are engulfed in a cloud of scalding steam.
You block the steam dragon's attack.
The steam dragon claws you but does no damage.
You barely miss the steam dragon.
You are engulfed in a cloud of scalding steam.
The steam dragon breathes steam at you. The ball of steam hits you.
You sock the steam dragon!
The steam dragon is moderately wounded.
You are engulfed in a cloud of scalding steam.
* * * LOW HITPOINT WARNING * * *
The steam dragon bites you but does no damage.
The steam dragon claws you but does no damage.
You feel better. The steam dragon bites you.
You block the steam dragon's attack.
You hit the steam dragon.
The steam dragon is moderately wounded.
You block the steam dragon's attack. x2
You hit the steam dragon but do no damage.
The steam dragon is moderately wounded.
The steam dragon bites you!
* * * LOW HITPOINT WARNING * * *
The steam dragon claws you but does no damage.
The steam dragon breathes steam at you. The ball of steam hits you!
You die...

###### #.D@.##
#..###.#
#.##.#§# #
#.##.# # ##.#.#
.# #...##..# #
#'###...# ..
######.....#
#.##8.)8##)####


You could see a steam dragon (catching breath).

Vanquished Creatures
  Sigmund (D:1)
  An ice beast (D:4)
  A howler monkey (D:4)
  An orc wizard (D:3)
  A mummy (D:4)
  Robin (D:3)
  2 adders
  A white imp (D:4)
  2 dart slugs (D:4)
  4 orcs (D:3)
  6 endoplasms
  8 giant cockroaches
  13 goblins
  7 hobgoblins
  11 kobolds
  2 quokkas
  6 ball pythons
  8 bats
  5 frilled lizards
  3 rats
84 creatures vanquished.

Vanquished Creatures (others)
  An orc (D:4)
1 creature vanquished.

Grand Total: 85 creatures vanquished

Notes
Turn   | Place    | Note
-------+----------+-------------------------------------------
     0 | D:1      | wormed the Gargoyle Fighter began the quest for the Orb.
     0 | D:1      | Reached XP level 1. HP: 14/14 MP: 1/1
   128 | D:1      | Reached XP level 2. HP: 19/19 MP: 2/2
   856 | D:2      | Noticed Sigmund
   860 | D:2      | Reached XP level 3. HP: 23/23 MP: 3/3
   879 | D:1      | Killed Sigmund
   880 | D:1      | Reached XP level 4. HP: 11/29 MP: 4/4
   880 | D:1      | Reached XP level 5. HP: 12/33 MP: 5/5
  1188 | D:2      | Found a hide-covered altar of Uskayaw.
  1720 | D:3      | Noticed Robin
  1755 | D:3      | Killed Robin
  1756 | D:3      | Reached XP level 6. HP: 13/38 MP: 6/6
  2454 | D:3      | Found a sacrificial altar of Ru.
  2974 | D:3      | Found a faded altar of an unknown god.
  3222 | D:4      | Found a snail-covered altar of Cheibriados.
  3479 | D:4      | Noticed an ice beast
  3480 | D:4      | Found a large runed translucent door.
  3481 | D:4      | Found a large runed translucent door.
  3482 | D:4      | Found a large runed translucent door.
  3482 | D:4      | Found a large runed translucent door.
  3516 | D:4      | Killed an ice beast
  3521 | D:4      | Reached XP level 7. HP: 25/44 MP: 7/7
  3664 | D:4      | Noticed a steam dragon
  3671 | D:4      | Killed from afar by a steam dragon

Illustrated notes

Levels and vault maps discovered:
D:1:      psy_arrival_dodecagon, layout_loops_ring, kennysheep_minor_cross,
          minmay_misc_feat_pillars
D:2:      layout_rooms, basic_altar, dk_noncrumbling_4,
          chequers_serial_rivers_micro_b, uniq_sigmund
D:3:      layout_basic, amcnicky_altar_gilded,
          hellmonk_ecumenical_altar_run_dry, uniq_robin
D:4:      layout_cave_pools, worldfamousw_hep_ancestral_shrine,
          chei_slow_surprise, serial_forest, infiniplex_forest_lined_3,
          infiniplex_forest_lined_ring, infiniplex_forest_clump_cross,
          infiniplex_forest_3_way, infiniplex_forest_end_2,
          infiniplex_forest_clump_curved, infiniplex_forest_straight_5,
          skrybe_limestone_x, minmay_curled_crystal, minmay_misc_feat_doors,
          reono_crystal_passage, minmay_hollow_rounded_squares, uniq_pikel

Skill      XL: |  1  2  3  4  5 |
---------------+----------------+-----
Fighting       | 4 |  4.7
Maces & Flails | 3 4 |  4.8
Armour         | 4 |  4.7
Shields        | 4 |  4.7

Action                   |  1- 3 |  4- 6 |  7- 9 || total
-------------------------+-------+-------+-------++-------
Melee: Flail             |    80 |   222 |    14 ||   316
  Use: Potion            |     2 |     1 |     1 ||     4
       Scroll            |       |     2 |       ||     2
Armor: Scale mail        |    47 |   140 |     9 ||   196
Dodge: Dodged            |    65 |   114 |     1 ||   180
Block: Buckler           |    16 |    52 |    11 ||    79
